 Dungeon Crawl Stone Soup version 0.21-a0-442-g848f44b (webtiles) character file.

82 vineage the Slasher (level 4, 0/42 HPs)
             Began as a Minotaur Fighter on Nov 16, 2017.
             Slain by Robin
             ... wielding a +1 dagger of venom
              (1 damage)
             ... on level 2 of the Dungeon.
             The game lasted 00:01:32 (1220 turns).

vineage the Slasher (Minotaur Fighter)              Turns: 1220, Time: 00:01:35

Health: 0/42       AC:  6    Str: 25    XL:     4   Next: 21%
Magic:  3/3        EV:  7    Int:  5    God:
Gold:   96         SH: 10    Dex: 11    Spells: 3/3 levels left

rFire    + . .     SeeInvis .   a - +0 long sword
rCold    . . .     Gourm    .   c - +0 shield
rNeg     . . .     Faith    .   b - +0 scale mail
rPois    .         Spirit   .   (helmet unavailable)
rElec    .         Reflect  .   (no cloak)
rCorr    .         Harm     .   (no gloves)
MR       .....                  (no boots)
Stlth    ..........             (no amulet)
HPRegen  0.14/turn              (no ring)
MPRegen  0.08/turn              (no ring)

@: mighty, lethally poisoned (0 -> -4)
A: retaliatory headbutt, horns 3, fire resistance 1, robust 1, evolution 1
a: no special abilities


You were on level 2 of the Dungeon.
You were very hungry.

You visited 1 branch of the dungeon, and saw 2 of its levels.

You collected 96 gold pieces.

Inventory:

Hand Weapons
 a - a +0 long sword (weapon)
Armour
 b - a +0 scale mail (worn)
 c - a +0 shield (worn)
Jewellery
 i - a cursed amulet of the gourmand {unknown}
 n - a cursed ring of loudness {unknown}
 q - a +4 ring of intelligence {unknown}
Scrolls
 h - a scroll of remove curse {unknown}
 j - 3 scrolls of teleportation {unknown}
 m - 2 scrolls of identify {unknown}
 o - a scroll of fear {unknown}
Potions
 e - a potion of cancellation {unknown}
 g - a potion of agility {unknown}
 k - a potion of mutation
Comestibles
 f - 2 bread rations
 l - a fruit
 p - a royal jelly


   Skills:
 - Level 3.6 Fighting
 + Level 5.5 Long Blades
 - Level 3.6 Armour
 - Level 3.6 Shields


You had 3 spell levels left.
You didn't know any spells.

Dungeon Overview and Level Annotations

Branches:
Dungeon (2/15)

Altars:

Annotations:
D:2 Robin


Innate Abilities, Weirdness & Mutations

You reflexively headbutt those who attack you in melee.
You have a pair of large horns on your head.
Your flesh is heat resistant. (rF+)
You are robust. (+10% HP)
You evolve.


Message History

Robin hits you but does no damage.
You are poisoned.
The goblin hits you but does no damage. x2; You block the goblin's attack.
The goblin hits you. The hobgoblin hits you.
It was a potion of mutation.
You feel extremely strange.
You feel resistant to heat.
You feel robust. The horns on your head grow some more.
You feel nature experimenting on you.
Don't worry, failures die fast.
You feel sick. You block the goblin's attack. The goblin hits you with a club.
* * * LOW HITPOINT WARNING * * *
The goblin hits you but does no damage. You block the goblin's attack.
You block the hobgoblin's attack. Robin hits you but does no damage.
You feel very mighty all of a sudden.
You feel sick. The goblin hits you but does no damage.
You block the goblin's attack. The goblin hits you.
* * * LOW HITPOINT WARNING * * *
The goblin closely misses you. The hobgoblin hits you.
* * * LOW HITPOINT WARNING * * *
Robin hits you with a dagger of venom.
You die...

####### .######
....... .....#
....... ...>.####
#######. .
#.......#
........ #.
#g......# ..#...#
#.. #g......#
......#
#..##ggg....#
#######
#...g@gg....#
......
.####..##gg.....#
###### .......
#.......# .....
....... #.......#
##### .......
###..#### ......
#..#
......####..# ##
#.......# .#
##.##...#


You could see Robin, 2 hobgoblins and 7 goblins.

Vanquished Creatures
  3 gnolls (D:2)
  2 oozes
  2 leopard geckos
  9 bats
  2 giant cockroaches (D:1)
  7 goblins
  4 hobgoblins
  2 jackals (D:2)
  5 frilled lizards
  3 kobolds (D:1)
  5 rats
44 creatures vanquished.

Notes
Turn   | Place    | Note
-------+----------+-------------------------------------------
     0 | D:1      | vineage the Minotaur Fighter began the quest for the Orb.
     0 | D:1      | Reached XP level 1. HP: 19/19 MP: 0/0
   103 | D:1      | Reached skill level 3 in Long Blades
   294 | D:1      | Reached XP level 2. HP: 26/26 MP: 1/1
   472 | D:1      | Reached skill level 4 in Long Blades
   796 | D:1      | Reached XP level 3. HP: 29/31 MP: 2/2
  1120 | D:2      | Reached skill level 5 in Long Blades
  1130 | D:2      | Reached XP level 4. HP: 22/39 MP: 3/3
  1208 | D:2      | Noticed Robin
  1219 | D:2      | Gained mutation: Your flesh is heat resistant. (rF+) [potion of mutation]
  1219 | D:2      | Gained mutation: You are robust. (+10% HP) [potion of mutation]
  1219 | D:2      | Gained mutation: You have a pair of large horns on your head. [potion of mutation]
  1219 | D:2      | Gained mutation: You evolve. [potion of mutation]
  1220 | D:2      | HP: 1/42 [hobgoblin[Robin] (3)]
  1220 | D:2      | Slain by Robin

Vault maps used:
D:1:      minmay_arrival_wavy_path
D:2:      minmay_kobold_bridge, st_stairs_14, uniq_robin, uniq_natasha

Skill      XL: |  1  2  3 |
---------------+----------+-----
Long Blades    | 3 4 5 |  5.5
Fighting       | |  3.6
Armour         | |  3.6
Shields        | |  3.6

Action                   |  1- 3 |  4- 6 || total
-------------------------+-------+-------++-------
Melee: Long sword        |    84 |    14 ||    98
       Headbutt          |     8 |     2 ||    10
  Use: Potion            |       |     2 ||     2
Armor: Scale mail        |    43 |    13 ||    56
Dodge: Dodged            |    28 |     3 ||    31
Block: Shield            |    41 |    19 ||    60
       Rpst.: Long sword |     6 |       ||     6

Table legend:
 A = Spawn XP
 B = Non-spawn XP
 C = Spawn XP percentage of total XP
 D = Spawn monster count
 E = Non-spawn monster count
 F = Spawn count percentage of total count
 G = Total turns spent on level
                    A         B        C        D         E        F      G
               +---------+---------+-------+---------+---------+-------+---------
         Total |       0 |     118 |   0.0 |       0 |      44 |   0.0 |  1220
               +---------+---------+-------+---------+---------+-------+---------
           D:1 |       0 |      41 |   0.0 |       0 |      22 |   0.0 |   933
           D:2 |       0 |      77 |   0.0 |       0 |      22 |   0.0 |   287
               +---------+---------+-------+---------+---------+-------+---------
